 BcadrenCrawl: Boulder Brew version 0.04.2-10-g17648f679b (webtiles) character file.

Game seed: 17502429747245957110, levelgen mode: deterministic

7 diana the Ducker (level 1, 0/3 HPs) Fairy Demigod. Began on May 4, 2021. Slain by a bat (1 damage) ... on level 1 of the Dungeon. The game lasted 00:01:19 (48 turns).

diana the Ducker (Fairy Demigod)                      Turns: 48, Time: 00:01:21

Health: 0/3        AC:  0    Str:  9    XL:     1 ^: 4
Magic:  3/3        EV: 27    Int: 17    God:
Gold:   0          SH:  0    Dex: 19    Spells: 2/3 levels left

rFire    . . .     Vision   .   (no jewelry)
rCold    . . .     Gourm    .
rNeg     . . .     Faith    .
rPois    .         Spirit   .
rElec    .         Reflect  .
rCorr    .         Harm     .
MR       .....
Stlth    +.........
HPRegen  0.11/turn
MPRegen  0.13/turn

@: very slightly contaminated, glowing, slow
A: tiny, no armour or weapons, only one jewelry slot, no melee attacks, fairy
magic, fairy shield, fairy light, decreased potion and divine healing, high mp
1, slowness 1, able to fly, insubstantial
a: Fly


You were on level 1 of the Dungeon.
You were not hungry.

You visited 1 branch of the dungeon, and saw 1 of its levels.

Inventory:

Potions
 a - a potion of haste
Comestibles
 b - a ration


   Skills:
 - Level 4.0 Dodging
 - Level 1.3 Stealth
 + Level 1.5 Spellcasting
 * Level 2.7 Fire Magic


You had 2 spell levels left.
You knew the following spells:

 Your Spells              Type           Power        Failure   Level  Hunger
a - Flame Tongue          Fire           10 (30)      7%          1    ##.....

Your spell library contained the following spells:

 Spells                   Type           Power        Failure   Level  Hunger
 Blink                    Tloc           N/A          30%         2    ###....
 Call Imp                 Summ           1 (100)      30%         2    ###....
 Slow                     Hex            1 (100)      30%         2    ###....
 Conjure Flame            Fire           10 (100)     21%         3    ####...
 Mephitic Cloud           Pois/Air       1 (100)      52%         3    ####...


Dungeon Overview and Level Annotations

Branches:
Dungeon (1/8)


Innate Abilities, Weirdness & Mutations

You are too small to use any gear.
You can wear a single ring or amulet completely around your body.
You are incapable of melee of any kind.
Your magic reserves are extremely low but spells that normally cost one mana are free and all other spells cost one mana.
You are extremely frail but all attacks that strike you do exactly one damage.
You exude a bright light in a small radius around yourself.
The effect of potions and godly healing effects is reduced to match your tiny health and magic reserves.
You have an increased reservoir of magic. (+10% MP)
You cover ground slowly.
You can fly continuously.
Your insubstantial form boosts your evasion and grants immunity to sticky flames, nets and constriction.


Message History

Aim: a cinder newt (heavily wounded (5/12), haloed)
The flame tongue hits the cinder newt (1).
The cinder newt resists.
The cinder newt is severely wounded. (4/12) HP The cinder newt completely misses you (0).
The cinder newt bites you (1).
Casting: Flame Tongue (safe; 7% risk of failure)
Confirm with . or Enter, or press ? or * to list all spells.
Aiming: Flame Tongue (safe; 7% risk of failure)
Press: ? - help, Shift-Dir - straight line, f/p - cinder newt
Aim: a cinder newt (severely wounded (4/12), haloed)
You miscast Flame Tongue.
You are very lightly contaminated with residual magic.
You feel uncomfortably hot.
A kobold comes into view.
The cinder newt barely misses you (0). The cinder newt bites you (2).
A bat comes into view.
The cinder newt completely misses you (0).
The bat hits you (1).
You die...

......###.....# ..
......<#..)...###.# ...
#.........†...#.. ..
...#.....))#....#####.# #
#.
##....†###.#...#...####.#
#.......#......#...#.....
..............#........#.#
###.###.###....##l#.......#
#............@.l.K..?...#
######......b..###r....##
#.........# ].....#
####...............#
#....####.......# #....#
......# ###... ......#
#.##. ..K...#


You could see 2 cinder newts, a bat, a kobold and a rat.

Vanquished Creatures
  A leopard gecko (D:1)
  A bat (D:1)
  2 goblins (D:1)
  A kobold (D:1)
  A rat (D:1)
6 creatures vanquished.

Notes
Turn   | Place    | Note
-------+----------+-------------------------------------------
     0 | D:1      | diana the Fairy Demigod began the quest for the Orb.
     0 | D:1      | Reached XP level 1. HP: 3/3 MP: 3/3
    48 | D:1      | Slain by a bat

Levels and vault maps discovered:
D:1:      minmay_arrival_five_plusses, layout_loops_cross

Action                   || total
-------------------------++-------
 Cast: Flame Tongue      ||    16
Dodge: Dodged            ||    25
